 Dungeon Crawl Stone Soup version 0.31-a0-152-g6aa68a64a1 (webtiles) character file.

Game seed: 12786503562612585878

1225 qw the Skirmisher (level 8, -2/70 HPs)
             Began as a Minotaur Hunter on June 9, 2023.
             Slain by a gnoll sergeant
             ... wielding a +0 spear
              (4 damage)
             ... on level 6 of the Dungeon.
             The game lasted 00:01:39 (4349 turns).

qw the Skirmisher (Minotaur Hunter)                 Turns: 4349, Time: 00:01:40

Health: -2/70      AC:  9    Str: 16    XL:     8   Next: 23%
Magic:  3/7        EV: 12    Int:  6    God:
Gold:   348        SH:  0    Dex: 16    Spells: 7/7 levels left

rFire   + . .        i - +0 orcbow
rCold   + + .        (shield currently unavailable)
rNeg    . . .        a - +0 ring mail
rPois   .            (helmet restricted)
rElec   .            o - scarf {rC+ rF+}
rCorr   .            h - +2 pair of gloves
SInv    .            (no boots)
Will    +....        (no amulet)
Stlth   +            g - ring of willpower
HPRegen 0.31/turn    c - ring of protection from cold
MPRegen 0.10/turn

%: no passive effects
@: no status effects
A: horns 2, retaliatory headbutt
a: no special abilities


You were on level 6 of the Dungeon.
You visited 1 branch of the dungeon, and saw 6 of its levels.

You collected 348 gold pieces.


Innate Abilities, Weirdness & Mutations

You have a pair of horns on your head.
You reflexively headbutt those who attack you in melee.


   Skills:
 - Level 6.0 Fighting
 + Level 9.0 Ranged Weapons
 - Level 5.3 Armour
 - Level 3.0 Dodging
 - Level 0.7 Stealth


You had 7 spell levels left.
You didn't know any spells.
Your spell library was empty.

Inventory:

Hand Weapons
 i - a +0 orcbow (weapon)
Armour
 a - a +0 ring mail (worn)
 b - a +2 cloak
 h - a +2 pair of gloves (worn)
 o - a scarf of resistance (worn)
Jewellery
 c - a ring of protection from cold (right hand)
 g - a ring of willpower (left hand)
Scrolls
 d - a scroll of identify
Potions
 e - a potion of curing
 j - a potion of heal wounds {unknown}
 k - a potion of lignification {unknown}
 l - a potion of resistance

Dungeon Overview and Level Annotations

Branches:
Dungeon (6/15)
 Temple: D:4-7

Altars:
Dithmenos


Message History

4339 ||| Stepping ~*~*~tactically~*~*~ (outnumbered).
You shoot an arrow.
The arrow barely misses the gnoll sergeant.
The gnoll sergeant hits you from afar with a +1 antimagic spear.
You shoot an arrow. The arrow hits the gnoll sergeant.
You kill the gnoll sergeant!
You shoot an arrow. The arrow hits the scorpion.
The scorpion is lightly wounded.
The scorpion stings you.
You shoot an arrow. The arrow closely misses the scorpion.
The scorpion closely misses you.
The gnoll sergeant hits you from afar with a +0 spear.
You shoot an arrow.
The arrow completely misses the scorpion.
The scorpion barely misses you. You furiously retaliate!
You headbutt the scorpion, but do no damage.
The gnoll sergeant hits you from afar with a +0 spear.
The scorpion stings you but does no damage.
You shoot an arrow. The arrow hits the scorpion.
The scorpion is moderately wounded.
The gnoll sergeant hits you from afar with a +0 spear!
The scorpion stings you.
You shoot an arrow. The arrow barely misses the scorpion.
The scorpion stings you.
The gnoll sergeant hits you but does no damage.
You shoot an arrow. The arrow hits the scorpion.
The scorpion is heavily wounded.
The scorpion stings you.
The gnoll sergeant hits you from afar with a +0 spear!
The scorpion stings you but does no damage.
You shoot an arrow. The arrow hits the scorpion.
The scorpion is heavily wounded.
The gnoll sergeant hits you from afar with a +0 spear.
The scorpion completely misses you. You furiously retaliate!
You headbutt the scorpion!
You kill the scorpion!
Your Fighting skill increases to level 6!
You shoot an arrow. The gnoll sergeant blocks the arrow.
The gnoll sergeant hits you from afar with a +0 spear.
You die...

..#.######
....ggg%.###
......##@..#
#.#.# ###.# #
#.# #########
#.######....<...
#..........#####
###.######.#
#..# #.# #.#.+
#.# #.#### ##.#


You could see a gnoll sergeant and 2 gnolls.

Vanquished Creatures
  Grinder (D:3)
  A black bear (D:4)
  An ogre (D:5)
  A centaur (D:5)
  A gnoll sergeant (D:6)
  3 scorpions
  2 hounds (D:5)
  A jelly (D:6)
  5 orc priests
  An iguana (D:5)
  2 orc wizards (D:4)
  2 gnolls (D:6)
  9 adders
  A white imp (D:6)
  4 worms
  A dart slug (D:2)
  17 orcs
  6 ball pythons
  8 bats
  4 endoplasms
  3 giant cockroaches (D:1)
  22 goblins
  5 hobgoblins
  4 quokkas
  6 frilled lizards
  3 kobolds
  5 rats
119 creatures vanquished.

Notes
Turn   | Place    | Note
-------+----------+-------------------------------------------
     0 | D:1      | qw the Minotaur Hunter began the quest for the Orb.
     0 | D:1      | Reached XP level 1. HP: 18/18 MP: 0/0
     0 | D:1      | 0 ||| qw: Version: 0.2-a-122-gbc61b45
     0 | D:1      | 0 ||| qw: Game counter: 3319
     0 | D:1      | 0 ||| qw: Always use a shield: true
     0 | D:1      | 0 ||| qw: God list: Okawaru
     0 | D:1      | 0 ||| qw: Allow faded altars: false
     0 | D:1      | 0 ||| qw: Do Orc after D:15 true
     0 | D:1      | 0 ||| qw: Do second Lair branch before Depths: true
     0 | D:1      | 0 ||| qw: Lair rune preference: random
     0 | D:1      | 0 ||| qw: Plans: Normal
     0 | D:1      | 0 ||| PLANNING D:1-11
    10 | D:1      | Noticed a centaur
    70 | D:1      | Reached XP level 2. HP: 25/25 MP: 1/1
    76 | D:1      | Reached skill level 5 in Ranged Weapons
    76 | D:1      | 76 ||| FLEEEEING.
   191 | D:1      | Reached skill level 3 in Fighting
   550 | D:1      | 550 ||| UPGRADING to +2 pair of gloves.
   555 | D:1      | 555 ||| UPGRADING to ring of willpower.
   556 | D:1      | 556 ||| READING scroll labelled PUTZAOTRETEJ.
   557 | D:1      | 557 ||| READING scroll labelled HICRERHUBRYT.
   558 | D:1      | 558 ||| READING scroll labelled JUTEDE KIGIQ.
   559 | D:1      | 559 ||| DRINKING 2 fizzy inky potions.
   560 | D:1      | 560 ||| DROPPING scroll of butterflies.
   561 | D:1      | 561 ||| DROPPING potion of attraction.
   644 | D:2      | Reached XP level 3. HP: 31/31 MP: 2/2
   990 | D:2      | Found a shadowy altar of Dithmenos.
  1217 | D:2      | 1217 ||| UPGRADING to +0 ring mail.
  1227 | D:2      | 1227 ||| DROPPING +0 leather armour.
  1228 | D:2      | 1228 ||| READING scroll labelled NAPEDY ERIZESS.
  1233 | D:2      | 1233 ||| READING scroll labelled XAH VEASI JOGY.
  1263 | D:3      | Noticed Grinder
  1273 | D:3      | Killed Grinder
  1274 | D:3      | Reached XP level 4. HP: 32/38 MP: 3/3
  1274 | D:3      | Reached XP level 5. HP: 38/45 MP: 4/4
  1574 | D:3      | Reached XP level 6. HP: 51/51 MP: 5/5
  1876 | D:3      | Reached skill level 6 in Ranged Weapons
  2120 | D:3      | 2120 ||| UPGRADING to +2 cloak.
  2125 | D:3      | 2125 ||| READING scroll labelled LYS DODASU.
  2126 | D:3      | 2126 ||| READING scroll labelled URAIFOH JOIQ.
  2127 | D:3      | 2127 ||| DRINKING 2 bubbling amethyst potions.
  2250 | D:4      | 2250 ||| Stepping ~*~*~tactically~*~*~ (outnumbered).
  2656 | D:4      | 2656 ||| FLEEEEING.
  2657 | D:4      | 2657 ||| FLEEEEING.
  2658 | D:4      | 2658 ||| FLEEEEING.
  2664 | D:4      | 2664 ||| FLEEEEING.
  2665 | D:4      | 2665 ||| FLEEEEING.
  2666 | D:4      | 2666 ||| FLEEEEING.
  2667 | D:4      | 2667 ||| FLEEEEING.
  2668 | D:4      | 2668 ||| FLEEEEING.
  2669 | D:4      | 2669 ||| FLEEEEING.
  2670 | D:4      | 2670 ||| FLEEEEING.
  2671 | D:4      | 2671 ||| FLEEEEING.
  2672 | D:4      | 2672 ||| FLEEEEING.
  2673 | D:4      | 2673 ||| FLEEEEING.
  2674 | D:4      | 2674 ||| FLEEEEING.
  2675 | D:4      | 2675 ||| FLEEEEING.
  2681 | D:4      | 2681 ||| FLEEEEING.
  2682 | D:4      | 2682 ||| STAIRDANCE
  2705 | D:3      | 2705 ||| UPGRADING to scarf of resistance.
  2715 | D:3      | 2715 ||| READING scroll labelled GUENTO RYGOOR.
  2716 | D:3      | 2716 ||| READING scroll labelled OMITUAREFRI.
  2717 | D:3      | 2717 ||| READING scroll labelled LEUSSUTIEDD.
  2818 | D:3      | 2818 ||| DRINKING 2 orange potions.
  2819 | D:3      | 2819 ||| READING 2 scrolls of identify.
  2819 | D:3      | 2819 ||| IDENTIFYING purple potion
  2820 | D:3      | 2820 ||| DROPPING potion of enlightenment.
  2825 | D:4      | 2825 ||| STAIRDANCE
  2881 | D:4      | 2881 ||| STAIRDANCE
  2915 | D:4      | 2915 ||| STAIRDANCE
  2920 | D:3      | Reached skill level 7 in Ranged Weapons
  2920 | D:3      | Reached XP level 7. HP: 49/59 MP: 6/6
  3318 | D:5      | Entered Level 5 of the Dungeon
  3325 | D:5      | 3325 ||| STAIRDANCE
  3393 | D:5      | 3393 ||| STAIRDANCE
  3402 | D:4      | Reached skill level 8 in Ranged Weapons
  3787 | D:5      | 3787 ||| SWAPPING to +0 orcbow.
  3788 | D:5      | 3788 ||| DROPPING +1 shortbow.
  3821 | D:5      | Reached skill level 9 in Ranged Weapons
  3821 | D:5      | Reached XP level 8. HP: 23/68 MP: 7/7
  4042 | D:5      | Identified the +9 falchion "Xapeigyz" {flame, Will+}
  4142 | D:5      | 4142 ||| UPGRADING to ring of protection from cold.
  4143 | D:5      | 4143 ||| READING 2 scrolls of identify.
  4143 | D:5      | 4143 ||| IDENTIFYING grey potion
  4144 | D:5      | 4144 ||| DROPPING potion of ambrosia.
  4327 | D:6      | Reached skill level 3 in Dodging
  4339 | D:6      | 4339 ||| Stepping ~*~*~tactically~*~*~ (outnumbered).
  4346 | D:6      | HP: 15/69 [scorpion (3)]
  4347 | D:6      | HP: 3/69 [gnoll sergeant/+0 spear (8)]
  4349 | D:6      | Reached skill level 6 in Fighting
  4349 | D:6      | Slain by a gnoll sergeant

Levels and vault maps discovered:
D:1:      evilmike_arrival_come_back, layout_basic, minmay_misc_feat_x
D:2:      layout_loops_ring, basic_altar
D:3:      minmay_octagon_keep, layout_basic, uniq_grinder
D:4:      cheibrodos_greedy_goblins, layout_loops_ring
D:5:      layout_rooms, minmay_ogre_servants
D:6:      layout_loops_ring, grunt_dithmenos_shadows, marbit_many_paths

Skill      XL: |  1  2  3  4  5  6  7  8 |
---------------+-------------------------+-----
Ranged Weapons | 5 7 9 |  9.0
Fighting       | 3 4 5 6 |  6.0
Armour         | 5 |  5.3
Dodging        | 3 |  3.0
Stealth        | |  0.7

Action                     |  1- 3 |  4- 6 |  7- 9 || total
---------------------------+-------+-------+-------++-------
   Fire: Shortbow          |   101 |   111 |   100 ||   312
         Orcbow            |       |       |    54 ||    54
    Use: Scroll            |     5 |     6 |     1 ||    12
         Potion            |     1 |     2 |       ||     3
 Armour: Leather armour    |    15 |       |       ||    15
         Ring mail         |       |    26 |    51 ||    77
  Dodge: Dodged            |    26 |    32 |    80 ||   138

Table legend:
 A = Non-vault XP
 B = Vault XP
 C = Vault XP percentage of total XP
 D = Non-vault monster count
 E = Vault monster count
 F = Vault count percentage of total count
                 A         B        C        D         E       F
            +---------+---------+-------+---------+---------+-------
      Total |    1313 |     438 |  25.0 |      88 |      31 |  26.1
            +---------+---------+-------+---------+---------+-------
        D:1 |      37 |       0 |   0.0 |      21 |       0 |   0.0
        D:2 |      36 |       0 |   0.0 |      11 |       0 |   0.0
        D:3 |      92 |     290 |  75.9 |      14 |      12 |  46.2
        D:4 |     529 |      20 |   3.6 |      23 |      10 |  30.3
        D:5 |     339 |     128 |  27.4 |      10 |       9 |  47.4
        D:6 |     280 |       0 |   0.0 |       9 |       0 |   0.0
            +---------+---------+-------+---------+---------+-------
